 Dungeon Crawl Stone Soup version 0.18-a0-1685-g4482fe3 (webtiles) character file.

172 inmateoo the Ruffian (level 5, -6/46 HPs)
             Began as a Ghoul Monk on Apr 5, 2016.
             Mangled by an orc
             ... wielding a +0 club
              (8 damage)
             ... on level 3 of the Dungeon.
             The game lasted 00:03:40 (1352 turns).

inmateoo the Ruffian (Ghoul Monk)                   Turns: 1352, Time: 00:03:41

Health: -6/46      AC:  4    Str: 16    XL:     5   Next: 53%
Magic:  4/4        EV: 13    Int:  5    God:
Gold:   98         SH:  0    Dex: 17    Spells: 0 memorised, 4 levels left

rFire  . . .     SeeInvis .       - Unarmed
rCold  + . .     Gourm    .     a - +0 robe
rNeg   + + +     Faith    .     (no shield)
rPois  ∞         Spirit   .     (no helmet)
rElec  .         Dismiss  .     c - +0 cloak
rCorr  .         Reflect  .     (no gloves)
SustAt .         Harm     .     g - +0 pair of boots (curse)
MR     .....                    (no amulet)
Stlth  ++........               (no ring)
                                j - +6 ring of dexterity

@: rotting, not resistant to hostile enchantments, unstealthy
A: rotting body, claws 1, carnivore 3, cold resistance 1, negative energy
resistance 3, slow regeneration 1, torment resistance, unbreathing
a: no special abilities


You were on level 3 of the Dungeon.
You were not hungry.

You visited 1 branch of the dungeon, and saw 3 of its levels.

You collected 98 gold pieces.

Inventory:

Armour
 a - a +0 robe (worn)
 c - a +0 cloak (worn)
 g - a cursed +0 pair of boots (worn)
 m - a +0 shield
Jewellery
 j - a +6 ring of dexterity (left claw)
Scrolls
 e - 2 scrolls of identify {unknown}
 i - a scroll of recharging {unknown}
 k - a scroll of enchant armour {unknown}
 l - a scroll of blinking {unknown}
Potions
 d - a potion of cure mutation
Comestibles
 b - a meat ration
 h - a chunk of flesh


   Skills:
 + Level 4.1 Fighting
 + Level 2.3 Armour
 - Level 2.6 Dodging
 - Level 2.1 Stealth
 * Level 5.9 Unarmed Combat


You had 4 spell levels left.
You didn't know any spells.

Dungeon Overview and Level Annotations

Branches:
Dungeon (3/15)

Altars:
Elyvilon


Innate Abilities, Weirdness & Mutations

Your body is rotting away.
You thrive on raw meat.
You are immune to poison.
You have sharp fingernails.
You are carnivorous and can eat meat at any time.
Your flesh is cold resistant.
You are immune to negative energy.
You regenerate slowly when monsters are visible.
You are immune to unholy pain and torment.
You can survive without breathing.


Message History

The orc wizard casts a spell at you. The magic dart hits you!
* * * LOW HITPOINT WARNING * * *
The orc wizard hits you with a dagger.
* * * LOW HITPOINT WARNING * * *
The orc hits you with a club.
* * * LOW HITPOINT WARNING * * *
You claw the orc wizard! Your claw misses the orc wizard.
The orc wizard is almost dead.
The orc wizard mumbles some strange words.
The orc wizard blinks!
You miss the orc wizard.
The orc wizard is almost dead.
The orc barely misses you.
The orc wizard mumbles some strange words.
The orc wizard blinks!
You claw the orc wizard!
You kill the orc wizard!
The orc hits you with a club!
You die...

.### #+# (...####
####.# .........(
#....# ............
#....# ...........
#.o[.# ##...# #....
#§@).# #....# #....
####†# #....# #....
######)###....###)..#
........o..o)..##o...#
...........r.o..†....+
..#########.....#....#
#.....#....#
#####......# ##..####


You could see an orc.

Vanquished Creatures
  An orc priest (D:3)
  An orc wizard (D:3)
  Ijyb (D:2)
  A gnoll (D:3)
  3 adders
  A worm (D:2)
  2 giant geckos (D:1)
  An orc (D:3)
  A ball python (D:3)
  4 giant cockroaches (D:1)
  13 goblins
  A hobgoblin (D:2)
  6 jackals (D:2)
  2 kobolds (D:1)
  A quokka (D:3)
  3 bats
  A giant newt (D:3)
  2 rats
45 creatures vanquished.

Notes
Turn   | Place    | Note
--------------------------------------------------------------
     0 | D:1      | inmateoo the Ghoul Monk began the quest for the Orb.
     0 | D:1      | Reached XP level 1. HP: 19/19 MP: 0/0
   199 | D:1      | Reached XP level 2. HP: 26/26 MP: 1/1
   629 | D:1      | Reached skill level 1 in Armour
   838 | D:2      | Reached skill level 5 in Unarmed Combat
   851 | D:2      | Reached XP level 3. HP: 29/31 MP: 2/2
   972 | D:2      | Noticed Ijyb
   990 | D:2      | Killed Ijyb
   990 | D:2      | Reached XP level 4. HP: 40/40 MP: 3/3
  1169 | D:2      | Found a white marble altar of Elyvilon.
  1334 | D:3      | Reached XP level 5. HP: 18/45 MP: 4/4
  1349 | D:3      | HP: 1/46 [orc/club (2)]
  1352 | D:3      | Mangled by an orc

Vault maps used:
D:1:      scummos_arrival_star
D:2:      kennysheep_goblin_castle, elyvilon_altar_4, first_bread,
          grunt_ministairs_6
D:3:      nicolae_qazlal_eye_of_the_storm

Skill      XL: |  1  2  3  4  5 |
---------------+----------------+-----
Armour         | 1 2 |  2.3
Unarmed Combat | 5 |  5.9
Fighting       | 4 |  4.1
Dodging        | |  2.6
Stealth        | |  2.1

Action                   |  1- 3 |  4- 6 || total
-------------------------+-------+-------++-------
Melee: Unarmed           |    58 |    68 ||   126
  Use: Potion            |       |     3 ||     3
 Stab: Sleeping          |     1 |     1 ||     2
       Distracted        |     1 |       ||     1
  Eat: Chunk             |     4 |     2 ||     6
